 Dungeon Crawl Stone Soup version 0.30.1-9-gdf580d7c3d (webtiles) character file.

Game seed: 3275537096895421227

218 Anriel the Shooter (level 5, 0/32 HPs)
             Began as a Deep Elf Hunter on Oct 23, 2023.
             Killed from afar by Ijyb (7 damage)
             ... with a bolt of acid
             ... on level 3 of the Dungeon.
             The game lasted 00:12:27 (2520 turns).

Anriel the Shooter (Deep Elf Hunter)                Turns: 2520, Time: 00:12:28

Health: 0/32       AC:  5    Str:  8    XL:     5   Next: 63%
Magic:  7/7        EV: 13    Int: 14    God:
Gold:   123        SH:  0    Dex: 20    Spells: 4/4 levels left

rFire   . . .        a - +0 shortbow
rCold   . . .        (shield currently unavailable)
rNeg    . . .        c - +0 leather armour
rPois   .            g - +2 helmet
rElec   .            (no cloak)
rCorr   .            (no gloves)
SInv    .            d - +2 pair of boots
Will    .....        (no amulet)
Stlth   +++          (no ring)
HPRegen 0.25/turn    (no ring)
MPRegen 0.10/turn

%: no passive effects
@: corroded
A: no striking features
a: no special abilities


You were on level 3 of the Dungeon.
You visited 1 branch of the dungeon, and saw 3 of its levels.

You collected 123 gold pieces.

Inventory:

Hand Weapons
 a - a +0 shortbow (weapon)
Armour
 c - a +0 leather armour (worn)
 d - a +2 pair of boots (worn)
 g - a +2 helmet (worn)
Scrolls
 b - 2 scrolls of immolation
 e - a scroll of fog {unknown}
 i - a scroll of vulnerability {unknown}
 j - a scroll of silence {unknown}
Potions
 f - a potion of cancellation
 h - 2 potions of heal wounds {unknown}
 k - a potion of magic {unknown}
 m - 2 potions of curing


   Skills:
 * Level 3.6 Fighting
 - Level 5.3 Ranged Weapons
 + Level 4.0 Dodging
 + Level 3.8 Stealth


You had 4 spell levels left.
You didn't know any spells.
Your spell library was empty.

Dungeon Overview and Level Annotations

Branches:
Dungeon (3/15)

Altars:
Okawaru
Trog

Annotations:
D:3 Ijyb, Sigmund


Message History

Press: ? - help, Q - select action Shift-Dir - straight line, f/p - Ijyb
Aim: Ijyb, wielding a +0 club, wearing a +0 chain mail and carrying a wand of acid (6) (65% to hit)
You shoot an arrow. The arrow hits Ijyb.
Ijyb is lightly wounded.
Ijyb grins evilly.
Ijyb zaps a wand.
The bolt of acid hits you!!
Ouch! That really hurt!
The acid corrodes you!
You feel better.
Your magical effects are unravelling.
You feel magically purged.
You are no longer corroded.
An endoplasm comes into view.
Ijyb barely misses you.
Fire: a) +0 shortbow
Press: ? - help, Q - select action Shift-Dir - straight line, f/p - Ijyb
Aim: Ijyb, wielding a +0 club, wearing a +0 chain mail and carrying a wand of acid (5) (lightly wounded, 65% to hit)
You shoot an arrow. The arrow completely misses Ijyb.
The endoplasm quivers.
Ijyb closely misses you.
You shoot an arrow. The arrow barely misses Ijyb.
Ijyb closely misses you.
Ijyb zaps a wand.
The bolt of acid hits you! The acid corrodes you!
You shoot an arrow. The arrow hits Ijyb but does no damage.
Ijyb is lightly wounded.
Ijyb closely misses you.
You feel better. Ijyb hits you with a +0 club.
You shoot an arrow. The arrow hits Ijyb but does no damage.
Ijyb is lightly wounded.
The endoplasm freezes you.
You are frozen.
Ijyb closely misses you. Ijyb attacks as you move away!
Ijyb hits you but does no damage.
There is a stone staircase leading down here.
Ijyb attacks as you move away! Ijyb hits you with a +0 club.
The endoplasm attacks as you move away! The endoplasm completely misses you.
Ijyb zaps a wand.
The bolt of acid hits the endoplasm.
The endoplasm completely resists.
The bolt of acid hits you!
* * * LOW HITPOINT WARNING * * *
There is an escape hatch in the floor here.
The endoplasm barely misses you.
Ijyb zaps a wand.
The bolt of acid hits you!
You die...

#..........# #.#####..8.#
#.# #.⌠..# #########.#
#..8.# #.........# ##...#
#####........)# #####
#...'.........#
#.###.........#
#.#.<...@.....#
#.##....J.....#
#########.............#
..............>#.......#
##############g..#####..#
#..## #..# #..# ..# #..#
..# #..# #


You could see Ijyb and an endoplasm.

Vanquished Creatures
  An orc priest (D:2)
  Robin (D:2)
  7 gnolls
  4 adders (D:2)
  2 worms (D:2)
  A dart slug (D:2)
  4 orcs (D:2)
  5 bats (D:1)
  4 endoplasms
  2 giant cockroaches (D:1)
  16 goblins
  4 hobgoblins
  2 quokkas
  A ball python (D:1)
  3 frilled lizards (D:2)
  4 kobolds
  6 rats
67 creatures vanquished.

Notes
Turn   | Place    | Note
-------+----------+-------------------------------------------
     0 | D:1      | Anriel the Deep Elf Hunter began the quest for the Orb.
     0 | D:1      | Reached XP level 1. HP: 12/12 MP: 3/3
   293 | D:1      | Reached XP level 2. HP: 17/17 MP: 4/4
   595 | D:1      | Reached XP level 3. HP: 22/22 MP: 5/5
   848 | D:2      | Noticed Robin
  1030 | D:2      | Reached XP level 4. HP: 27/27 MP: 6/6
  1112 | D:2      | Killed Robin
  1300 | D:2      | Noticed a shining eye
  1302 | D:2      | Noticed a golden eye
  1306 | D:2      | Found a faded altar of an unknown god.
  1307 | D:2      | Noticed an eye of devastation
  1307 | D:2      | Noticed a great orb of eyes
  1381 | D:2      | Reached XP level 5. HP: 32/32 MP: 7/7
  2391 | D:3      | Found an iron altar of Okawaru.
  2391 | D:3      | Found a bloodstained altar of Trog.
  2391 | D:3      | Noticed Sigmund
  2503 | D:3      | Noticed Ijyb
  2520 | D:3      | Killed from afar by Ijyb

Illustrated notes

Levels and vault maps discovered:
D:1:      denvon_arrival_planthouse, layout_basic, minmay_splitting_lines,
          chequers_serial_rivers_micro_a
D:2:      cheibrodos_pilgrimage, layout_basic,
          hellmonk_ecumenical_altar_watching_god, serial_forest,
          infiniplex_forest_clump_large, infiniplex_forest_straight_3,
          infiniplex_forest_clump_medium, infiniplex_forest_lined_room_2,
          infiniplex_forest_clump_tiny, infiniplex_forest_straight_5,
          infiniplex_forest_straight_4, uniq_robin
D:3:      layout_basic, mainiacjoe_overflow_chevrons,
          grunt_temple_overflow_bloody_war, hangedman_feature_mirror,
          kennysheep_jessica_study, uniq_ijyb, uniq_sigmund

Skill      XL: |  1  2  3  4  5 |
---------------+----------------+-----
Fighting       | 2 3 |  3.6
Stealth        | 2 3 |  3.8
Dodging        | 3 4 |  4.0
Ranged Weapons | |  5.3

Action                     |  1- 3 |  4- 6 || total
---------------------------+-------+-------++-------
   Fire: Shortbow          |    75 |   117 ||   192
    Use: Scroll            |     1 |     6 ||     7
         Potion            |       |     3 ||     3
 Armour: Leather armour    |     8 |    11 ||    19
  Dodge: Dodged            |    24 |    29 ||    53
